 Dungeon Crawl Stone Soup version 0.18.1-50-g88ac8fd (webtiles) character file.

9117 magog001 the Cleaver (level 11, 0/95 HPs)
             Began as a Ghoul Gladiator on Mar 24, 2017.
             Was an Elder of Nemelex Xobeh.
             Slain by a troll (6 damage)
             ... on level 10 of the Dungeon.
             The game lasted 01:32:36 (12508 turns).

magog001 the Cleaver (Ghoul Gladiator)             Turns: 12508, Time: 01:32:36

Health: 0/95       AC: 28    Str: 29    XL:     11   Next: 41%
Magic:  10/10      EV: 12    Int:  3    God:    Nemelex Xobeh [****..]
Gold:   230        SH:  0    Dex: 11    Spells: 0 memorised, 10 levels left

rFire  . . .     SeeInvis .     u - +5 hand axe (venom)
rCold  + + .     Gourm    .     b - +9 chain mail of Serendipity {rElec rC+ Str+8}
rNeg   + + +     Faith    .     (no shield)
rPois  ∞         Spirit   .     m - +1 helmet
rElec  +         Dismiss  .     y - +0 cloak
rCorr  +         Reflect  .     (no gloves)
SustAt .         Harm     .     (no boots)
MR     .....                    (no amulet)
Stlth  ..........               e - ring of resist corrosion
                                l - +5 ring of protection

@: rotting, not resistant to hostile enchantments, extremely unstealthy
A: rotting body, claws 1, carnivore 3, cold resistance 1, negative energy
resistance 3, slow regeneration 1, torment resistance, unbreathing
a: Triple Draw, Deal Four, Renounce Religion


You were on level 10 of the Dungeon.
You worshipped Nemelex Xobeh.
Nemelex Xobeh was greatly pleased with you.
You were not hungry.

You visited 1 branch of the dungeon, and saw 10 of its levels.
You also visited: Sewer and Bailey.

You collected 1538 gold pieces.
You spent 1308 gold pieces at shops.

Inventory:

Hand Weapons
 c - a +1 blowgun
 u - a +5 hand axe of venom (weapon)
Missiles
 t - 60 poisoned needles
 w - a throwing net (quivered)
 I - 5 tomahawks
Armour
 b - the +9 chain mail of Serendipity (worn) {rElec rC+ Str+8}
   (You found it on level 5 of the Dungeon)

   It affects your strength (+8).
   It protects you from cold.
   It insulates you from electricity.
 m - a +1 helmet (worn)
 y - a +0 cloak (worn)
Jewellery
 e - a ring of resist corrosion (right claw)
 l - a +5 ring of protection (left claw)
 E - an uncursed ring of poison resistance {unknown}
 L - a +2 ring of strength {unknown}
Wands
 n - a wand of digging (16/24)
 B - a wand of enslavement (14/24)
 F - a wand of disintegration (15/24)
Scrolls
 i - 2 scrolls of blinking
 p - 3 scrolls of fog
 q - a scroll of identify
 r - a scroll of summoning
 s - 4 scrolls of remove curse
 x - 4 scrolls of teleportation
 J - a scroll of enchant armour
 N - a scroll of vulnerability
Potions
 h - a potion of brilliance
 j - 5 potions of curing
 v - 2 potions of flight
 D - a potion of haste
 G - a potion of resistance
 M - a potion of agility
Books
 A - a book of Cantrips

   Spells                             Type                      Level
   a - Corona                         Hexes                        1
   b - Animate Skeleton               Necromancy                   1
   c - Summon Small Mammal            Summoning                    1
   d - Apportation                    Translocation                1
Miscellaneous
 d - a plain deck of war
 f - a legendary deck of war {drawn: 1}
 g - a plain deck of destruction
 k - a plain deck of escape
 K - a plain deck of destruction
Comestibles
 a - 3 meat rations
 o - 3 chunks of flesh
 z - 5 beef jerkies


   Skills:
 * Level 8.8 Fighting
 * Level 9.3 Axes
   Level 0.5(5.8) Maces & Flails
 - Level 4.0 Throwing
 * Level 8.0 Armour
 + Level 7.4 Dodging
 - Level 2.6 Stealth


You had 10 spell levels left.
You didn't know any spells.

Dungeon Overview and Level Annotations

Branches:
Dungeon (10/15)            Temple (0/1) D:4
   Lair: D:8-11         Orc: D:9-12

Altars:
Cheibriados
Elyvilon
Makhleb
Nemelex Xobeh
Okawaru
Pakellas
Ru
Xom
Zin
The Shining One
Lugonu

Shops:
D:4 ?   D:5 ?   D:7 }


Innate Abilities, Weirdness & Mutations

Your body is rotting away.
You thrive on raw meat.
You are immune to poison.
You have sharp fingernails.
You are carnivorous and can eat meat at any time.
Your flesh is cold resistant.
You are immune to negative energy.
You regenerate slowly when monsters are visible.
You are immune to unholy pain and torment.
You can survive without breathing.


Message History

The troll claws you but does no damage. x2
The troll barely misses you.
The troll claws you but does no damage. x2
You slash the troll!
The troll looks even sicker.
The troll is heavily wounded.
The troll barely misses you. The troll closely misses you. x2
You hit the troll.
The troll is severely wounded.
The troll completely misses you. The troll claws you!
* * * LOW HITPOINT WARNING * * *
The troll closely misses you.
You hit the troll.
The troll is almost dead.
The troll bites you.
* * * LOW HITPOINT WARNING * * *
The troll claws you but does no damage. x2
You barely miss the troll.
The troll is almost dead.
The troll bites you.
You die...
Your body disappears without a glow.

#♣P# .#
.#.......#
..## ...#
........#
..P#P..P#
#.......##
#.P≈§≈.P.
#.........
..#'§..P.
#.........
..K'..§..
#..†......
...'#§. .
#.........
..P###.
#T........
..PPP..
#@.)......
..≈#.♣.
#.......?.
..≈#.P.
##########
...# #P
....


You could see a troll.

Vanquished Creatures
  Erolcha (D:8)
  The ghost of traveller the Spear-Bearer, a novice HONe of Trog (D:8)
  An orc knight (Bailey)
  Psyche (D:8)
  Sigmund (D:3)
  2 wyverns
  A hippogriff (D:9)
  2 hungry ghosts
  Edmund (D:6)
  Menkaure (D:6)
  12 orc warriors
  2 black bears
  A sky beast (D:6)
  4 ice beasts
  5 phantoms
  3 ogres
  5 centaurs
  5 big kobolds
  7 giant frogs
  3 scorpions
  4 killer bees
  8 wights
  4 howler monkeys
  6 crimson imps
  8 hounds
  4 jellies
  A giant frog skeleton (D:7)
  2 orc priests (D:8)
  Ijyb (D:3)
  4 iguanas
  8 orc wizards
  7 worker ants
  3 hound zombies
  2 worker ant zombies
  5 gnolls
  16 adders
  A river rat (D:4)
  5 oozes
  An adder zombie (D:7)
  6 worms
  4 dart slugs
  8 giant geckos
  34 orcs
  6 giant cockroaches
  15 goblins
  7 hobgoblins
  18 jackals
  6 quokkas
  3 ball pythons (Sewer)
  11 bats
  A giant gecko skeleton (D:4)
  8 giant newts
  21 kobolds
  11 rats
308 creatures vanquished.

Vanquished Creatures (others)
  2 orc wizards (D:9)
2 creatures vanquished.

Grand Total: 310 creatures vanquished

Notes
Turn   | Place    | Note
--------------------------------------------------------------
     0 | D:1      | magog001 the Ghoul Gladiator began the quest for the Orb.
     0 | D:1      | Reached XP level 1. HP: 17/17 MP: 0/0
   216 | D:1      | Reached skill level 3 in Axes
   268 | D:1      | Reached XP level 2. HP: 23/24 MP: 1/1
   499 | D:1      | Reached XP level 3. HP: 13/30 MP: 2/2
   966 | D:1      | Reached XP level 4. HP: 18/37 MP: 3/3
  1472 | D:2      | HP: 1/37 [worm (2)]
  2120 | D:2      | Reached XP level 5. HP: 41/44 MP: 4/4
  2390 | D:2      | Reached skill level 1 in Armour
  2608 | D:3      | Reached skill level 1 in Stealth
  2681 | D:3      | Found a glowing silver altar of Zin.
  2790 | D:3      | Found a sparkling altar of Nemelex Xobeh.
  2801 | D:3      | Became a worshipper of Nemelex Xobeh the Trickster
  2926 | D:3      | Noticed Ijyb
  2937 | D:3      | Killed Ijyb
  3143 | D:3      | Received a gift from Nemelex Xobeh
  3255 | D:3      | Noticed Sigmund
  3264 | D:3      | Killed Sigmund
  3264 | D:3      | Reached XP level 6. HP: 45/51 MP: 5/5
  3654 | D:4      | Found a staircase to the Ecumenical Temple.
  3663 | D:4      | Noticed a phantom
  3691 | D:4      | Reached XP level 7. HP: 47/57 MP: 6/6
  3701 | D:4      | Reached skill level 5 in Dodging
  3822 | D:4      | Found Exatusch's Magic Scroll Emporium.
  3872 | D:4      | Found a glowing drain.
  3876 | Sewer    | Entered a sewer
  3958 | Sewer    | Reached * piety under Nemelex Xobeh
  4406 | Sewer    | Reached XP level 8. HP: 57/66 MP: 7/7
  4982 | D:4      | Reached skill level 4 in Axes
  5305 | D:5      | Entered Level 5 of the Dungeon
  5403 | D:5      | Found an oddly glowing altar of Pakellas.
  5475 | D:5      | Reached skill level 5 in Fighting
  6067 | D:5      | Got a faintly humming chain mail
  6098 | D:5      | Identified the +9 chain mail of Serendipity {rElec rC+ Str+8} (You found it on level 5 of the Dungeon)
  6160 | D:5      | Found a white marble altar of Elyvilon.
  6164 | D:5      | Found an oddly glowing altar of Pakellas.
  6235 | D:5      | Found a burning altar of Makhleb.
  6236 | D:5      | Found a shimmering altar of Xom.
  6314 | D:5      | Found Durijyr's Magic Scroll Shoppe.
  6327 | D:5      | Bought a scroll of brand weapon for 240 gold pieces
  6341 | D:5      | Reached XP level 9. HP: 65/73 MP: 8/8
  6405 | D:5      | Reached ** piety under Nemelex Xobeh
  6571 | D:6      | Noticed Menkaure
  6577 | D:6      | Killed Menkaure
  6596 | D:6      | Reached skill level 5 in Axes
  6621 | D:6      | Found a snail-covered altar of Cheibriados.
  6665 | D:6      | Noticed Edmund
  6684 | D:6      | Killed Edmund
  6761 | D:6      | Received a gift from Nemelex Xobeh
  7129 | D:6      | Reached skill level 6 in Axes
  7438 | D:5      | Bought a scroll of magic mapping for 42 gold pieces
  7854 | D:7      | Reached skill level 5 in Armour
  8049 | D:7      | Found a flagged portal.
  8068 | Bailey   | Entered a bailey
  8104 | Bailey   | Reached XP level 10. HP: 43/84 MP: 9/9
  8608 | Bailey   | Reached skill level 7 in Axes
  9183 | Bailey   | Noticed an orc knight
  9209 | Bailey   | Killed an orc knight
  9355 | Bailey   | Identified a scroll of acquirement
  9505 | D:5      | Bought a scroll of enchant weapon for 90 gold pieces
  9505 | D:5      | Bought a scroll of identify for 24 gold pieces
  9505 | D:5      | Bought a scroll of remove curse for 36 gold pieces
  9505 | D:5      | Bought a scroll of identify for 24 gold pieces
  9573 | D:4      | Bought a scroll of identify for 28 gold pieces
  9573 | D:4      | Bought a scroll of summoning for 133 gold pieces
  9573 | D:4      | Bought a scroll of enchant weapon for 105 gold pieces
  9573 | D:4      | Bought a scroll of teleportation for 42 gold pieces
  9573 | D:4      | Bought a scroll of teleportation for 42 gold pieces
  9573 | D:4      | Bought a scroll of identify for 28 gold pieces
  9573 | D:4      | Bought a scroll of blinking for 105 gold pieces
  9573 | D:4      | Bought a scroll of remove curse for 42 gold pieces
  9573 | D:4      | Bought a scroll of remove curse for 42 gold pieces
  9739 | D:7      | Found a white marble altar of Elyvilon.
  9744 | D:7      | Received a gift from Nemelex Xobeh
  9766 | D:7      | Reached *** piety under Nemelex Xobeh
  9786 | D:7      | Found Mufam's Gadget Emporium.
  9847 | D:7      | Found a sacrificial altar of Ru.
 10070 | D:7      | Found a glowing golden altar of the Shining One.
 10070 | D:7      | Found an iron altar of Okawaru.
 10291 | D:7      | Bought a wand of disintegration (15/24) for 285 gold pieces
 10517 | D:8      | Reached skill level 8 in Axes
 10554 | D:8      | Received a gift from Nemelex Xobeh
 10569 | D:8      | Noticed traveller's ghost (novice HONe)
 10617 | D:8      | Killed traveller's ghost
 10910 | D:8      | Noticed Psyche
 10917 | D:8      | Killed Psyche
 10917 | D:8      | Reached XP level 11. HP: 95/95 MP: 10/10
 11013 | D:8      | Noticed Erolcha
 11028 | D:8      | Killed Erolcha
 11605 | D:9      | Reached **** piety under Nemelex Xobeh
 11707 | D:9      | Reached skill level 9 in Axes
 12199 | D:9      | Received a gift from Nemelex Xobeh
 12341 | D:10     | Entered Level 10 of the Dungeon
 12452 | D:10     | Found a corrupted altar of Lugonu.
 12457 | D:10     | Noticed a sun demon
 12472 | D:10     | Noticed a sun demon
 12508 | D:10     | Slain by a troll

Skill      XL: |  1  2  3  4  5  6  7  8  9 10 11 |
---------------+----------------------------------+-----
Axes           | 3 4 6 8 9 |  9.3
Dodging        | 3 4 5 6 7 |  7.4
Throwing       | 2 3 4 |  4.0
Armour         | 1 2 3 5 7 8 |  8.0
Fighting       | 3 4 5 6 8 |  8.8
Stealth        | 1 2 |  2.6
Maces & Flails | |  0.5

Action                   |  1- 3 |  4- 6 |  7- 9 | 10-12 || total
-------------------------+-------+-------+-------+-------++-------
Melee: War axe           |    96 |    20 |       |       ||   116
       Mace              |       |   121 |       |       ||   121
       Hand axe          |       |    83 |   498 |   412 ||   993
 Fire: Blowgun           |       |       |       |    68 ||    68
Throw: Throwing net      |     2 |    14 |     6 |     3 ||    25
       Tomahawk          |       |       |     1 |     3 ||     4
Evoke: Deck              |       |       |       |     1 ||     1
  Use: Potion            |       |     8 |     5 |     8 ||    21
       Scroll            |       |     8 |     7 |    12 ||    27
 Stab: Held in net/web   |       |     5 |     5 |       ||    10
       Sleeping          |       |       |     2 |       ||     2
       Paralysed         |       |       |       |     1 ||     1
  Eat: Chunk             |     9 |    34 |    72 |   102 ||   217
       Meat ration       |     1 |     3 |       |     1 ||     5
       Pizza             |     1 |       |       |     1 ||     2
       Beef jerky        |     1 |     1 |     2 |     1 ||     5
       Royal jelly       |       |       |     1 |     1 ||     2
Armor: Leather armour    |    32 |    70 |    67 |       ||   169
       Chain mail        |       |       |   147 |   227 ||   374
Dodge: Dodged            |    62 |   157 |   291 |   250 ||   760
